[Event "ICC tourney 2927 (40 10)"]
[Site "Internet Chess Club"]
[Date "2022.06.04"]
[Round "3"]
[White "BHARDWAJ, ARYAMAN:K03-17148228"]
[Black "Kore, Anvika Mattam:K03-30142328"]
[Result "0-1"]
[ICCResult "White resigns"]
[WhiteElo "484"]
[BlackElo "888"]
[Opening "Scotch game"]
[ECO "C45"]
[NIC "SO.05"]
[Time "15:30:32"]
[PlyCount "74"]
[TimeControl "2400+10"]

1. e4 e5 2. Nf3 Nc6 3. d4 exd4 4. Nxd4 Bc5 5. Nxc6 Qf6 6. Be3 Bxe3 7. fxe3
dxc6 8. Nc3 Ne7 9. Qd4 Be6 10. O-O-O Ng6 11. e5 Nxe5 12. Be2 Nd7 13. Qxf6
Nxf6 14. Rhf1 Bd7 15. e4 O-O-O 16. e5 Ne8 17. Rxf7 Be6 18. Rxd8+ Kxd8 19.
Rf3 Bg4 20. Rd3+ Bd7 21. Bg4 Nd6 22. exd6 Bxg4 23. dxc7+ Kxc7 24. Rg3 h5 25.
h3 Bd7 26. Rxg7 Kd8 27. g4 hxg4 28. hxg4 Rh1+ 29. Kd2 Rg1 30. Rg8+ Kc7 31.
g5 Bf5 32. Ne2 Rg2 33. Ke3 Rh2 34. Kf4 Bxc2 35. g6 Rxe2 36. g7 Rg2 37. Ke5
Bh7 {White resigns} 0-1

[Event "ICC tourney 2927 (40 10)"]
[Site "Internet Chess Club"]
[Date "2022.06.04"]
[Round "3"]
[White "LIU, BRYAN:coolcoolsugar"]
[Black "WESLEY, GEORGE:Maglars"]
[Result "1-0"]
[ICCResult "Black resigns"]
[WhiteElo "1284"]
[BlackElo "1084"]
[Opening "Scandinavian defense"]
[ECO "B01"]
[NIC "SD.01"]
[Time "15:30:09"]
[PlyCount "77"]
[TimeControl "2400+10"]

1. e4 d5 2. exd5 Qxd5 3. Nc3 Qa5 4. d4 Nf6 5. Nf3 Bf5 6. Bf4 c6 7. Be2 e6 8.
O-O Bb4 9. Bd2 O-O 10. a3 Bd6 11. Ne4 Qc7 12. Nxd6 Qxd6 13. Bb4 Qd8 14. Bxf8
Qxf8 15. Qd2 Nbd7 16. Ne5 Nb6 17. c4 Rd8 18. Rfd1 Ne4 19. Qf4 Qe7 20. g4 f6
21. gxf5 fxe5 22. Qxe4 Qg5+ 23. Qg4 Qxf5 24. Qxf5 exf5 25. dxe5 Re8 26. f4
Na4 27. Rd7 Rb8 28. b4 Nc3 29. Bd3 a6 30. c5 b6 31. cxb6 Rxb6 32. Bc4+ Kf8
33. e6 Ke8 34. Re1 Ne4 35. Rxg7 Nd2 36. Be2 c5 37. Bh5+ Kf8 38. e7+ Kxg7 39.
e8=Q {Black resigns} 1-0

[Event "ICC tourney 2927 (40 10)"]
[Site "Internet Chess Club"]
[Date "2022.06.04"]
[Round "3"]
[White "QIAO, RICHARDSON JINGSI:Richardsonqiao"]
[Black "KANTEM, SAMANVI:samanvikantem"]
[Result "1/2-1/2"]
[ICCResult "Game drawn by mutual agreement"]
[WhiteElo "1257"]
[BlackElo "1020"]
[Opening "Queen's pawn, Mason variation"]
[ECO "D00"]
[NIC "QP.08"]
[Time "15:30:18"]
[PlyCount "158"]
[TimeControl "2400+10"]

1. d4 d5 2. Bf4 Nc6 3. e3 Nf6 4. Nf3 Bf5 5. Bb5 Bd7 6. Bxc6 Bxc6 7. c3 e6 8.
Ne5 Bd6 9. Nd2 O-O 10. O-O a5 11. a4 Bxe5 12. Bxe5 Ne4 13. Nxe4 dxe4 14. Qg4
g6 15. Qg3 f6 16. Bxc7 Qd7 17. Bb6 Ra6 18. Bc5 Rf7 19. b3 Ra8 20. Rad1 Bd5
21. c4 Bc6 22. Rfe1 f5 23. Qe5 Rd8 24. Bb6 Ra8 25. d5 exd5 26. cxd5 Qe8 27.
Qxe8+ Bxe8 28. d6 Rd7 29. Rd5 Bf7 30. Rxa5 Rxa5 31. Bxa5 Rxd6 32. Rb1 Bxb3
33. h3 Bd5 34. Rb6 Rxb6 35. Bxb6 Bb3 36. a5 Bc4 37. Kh2 Kf7 38. Kg3 Ke6 39.
Kf4 Kd7 40. g4 fxg4 41. hxg4 Bd5 42. Kg5 Kc6 43. Kh6 Bg8 44. Kg7 Be6 45. g5
Kd5 46. Kxh7 Bf5 47. Kg7 Kc4 48. Kf6 Kd3 49. Ke5 Ke2 50. Kf4 Kxf2 51. Bd4
Ke2 52. Bb6 Kd3 53. Bd4 Kc4 54. Bb6 Kb5 55. Ke5 Kc6 56. Kf6 Kd6 57. Bd4 Kd5
58. Ke7 Kc6 59. Kf6 Kb5 60. Bb6 Kc6 61. Ke5 Kb5 62. Kd4 Kc6 63. Bc5 Kd7 64.
Ke5 Kc6 65. Bb6 Kb5 66. Kd4 Kb4 67. Kd5 Kc3 68. Ke5 Kd3 69. Kd5 Ke2 70. Ke5
Kf3 71. Kd5 Kg4 72. Bd8 Kf3 73. Bb6 Kg4 74. Bd8 Kf3 75. Bb6 Kg3 76. Bc7+ Kf2
77. Bf4 Ke2 78. Kd4 Kd2 79. Bc7 Kc2 {Game drawn by mutual agreement} 1/2-1/2

[Event "ICC tourney 2927 (40 10)"]
[Site "Internet Chess Club"]
[Date "2022.06.04"]
[Round "3"]
[White "ANAND VISWANATHAN:EmergingStar"]
[Black "HESS, KARL ALAN:Khess33"]
[Result "1-0"]
[ICCResult "Black resigns"]
[WhiteElo "1023"]
[BlackElo "1364"]
[Opening "French: exchange variation"]
[ECO "C01"]
[NIC "FR.01"]
[Time "15:30:34"]
[PlyCount "99"]
[TimeControl "2400+10"]

1. e4 e6 2. d4 d5 3. exd5 exd5 4. Bd3 Nf6 5. Nc3 c6 6. Qe2+ Be7 7. Bg5 Nbd7
8. Bxf6 Nxf6 9. O-O-O Bg4 10. f3 Bh5 11. g4 Bg6 12. Bxg6 hxg6 13. Kb1 Qd6
14. Re1 Kd7 15. f4 Rae8 16. Qf3 Kc7 17. Nh3 Nd7 18. Ng5 Bxg5 19. Rxe8 Rxe8
20. fxg5 f6 21. gxf6 gxf6 22. Qg3 Qxg3 23. hxg3 Re3 24. Rg1 f5 25. gxf5 gxf5
26. Kc1 Nf6 27. Kd2 Re7 28. Rf1 Ne4+ 29. Nxe4 fxe4 30. Ke3 Kd6 31. Rf6+ Re6
32. Rf7 Re7 33. Rxe7 Kxe7 34. c3 b5 35. b3 a5 36. c4 dxc4 37. bxc4 bxc4 38.
Kxe4 c3 39. Kd3 c2 40. Kxc2 Ke6 41. Kc3 Kd5 42. Kd3 a4 43. g4 a3 44. g5 Ke6
45. Kc4 Kf5 46. Kc5 Kxg5 47. Kxc6 Kf6 48. d5 Ke7 49. Kc7 Kf6 50. d6
{Black resigns}
1-0

[Event "ICC tourney 2927 (40 10)"]
[Site "Internet Chess Club"]
[Date "2022.06.04"]
[Round "3"]
[White "Agahian, Ryan:AgahianR"]
[Black "SCHWARTZ, DOUGLAS S:Douglas1"]
[Result "1/2-1/2"]
[ICCResult "Game drawn because neither player has mating material"]
[WhiteElo "1137"]
[BlackElo "1402"]
[Opening "QGD semi-Slav"]
[ECO "D43"]
[NIC "SL.03"]
[Time "15:30:17"]
[PlyCount "147"]
[TimeControl "2400+10"]

1. d4 d5 2. c4 c6 3. Nc3 Nf6 4. Nf3 e6 5. Bg5 Be7 6. e3 h6 7. Bh4 O-O 8. Be2
b6 9. Qc2 Nbd7 10. O-O-O Re8 11. h3 Nf8 12. g4 Ng6 13. Bg3 Bd6 14. Bxd6 Qxd6
15. g5 hxg5 16. Nxg5 Nh7 17. Rdg1 Nxg5 18. Rxg5 Qe7 19. f4 Qf6 20. h4 Kf8
21. h5 Ne7 22. Bg4 Nf5 23. Bxf5 exf5 24. Rh3 Ke7 25. cxd5 Bd7 26. dxc6 Qxc6
27. Rxg7 Rg8 28. Rhg3 Rxg7 29. Rxg7 Qh1+ 30. Qd1 Qh3 31. Kd2 Rh8 32. Qg1
Qxh5 33. Qg5+ Qxg5 34. Rxg5 Rh2+ 35. Kc1 Be6 36. b3 a6 37. Rg1 Kd6 38. Rd1
Bd5 39. Nxd5 Kxd5 40. Rd2 Rh3 41. Re2 Ke4 42. Kc2 b5 43. a3 a5 44. b4 axb4
45. axb4 Rg3 46. Kd2 Rh3 47. Re1 Rg3 48. Kc3 Rh3 49. Kc2 Rg3 50. Rd1 Rxe3
51. d5 Kxf4 52. d6 Re8 53. Rd5 Rd8 54. Rxb5 Rxd6 55. Rb8 Ke4 56. Re8+ Kd4
57. Kb3 Rb6 58. Re1 f4 59. Rf1 Ke3 60. Kc4 f3 61. Re1+ Kd2 62. Re5 Re6 63.
Rf5 Ke2 64. Rxf7 f2 65. Kd5 Re8 66. b5 f1=Q 67. Rxf1 Kxf1 68. Kc6 Rh8 69. b6
Rh6+ 70. Kb7 Rh7+ 71. Ka8 Rh8+ 72. Ka7 Rh7+ 73. b7 Rxb7+ 74. Kxb7
{Game drawn because neither player has mating material}
1/2-1/2

[Event "ICC tourney 2927 (40 10)"]
[Site "Internet Chess Club"]
[Date "2022.06.04"]
[Round "3"]
[White "ANGEL, BORYS:BArkadia"]
[Black "LODH, ANJALI:ChessHawk8"]
[Result "1-0"]
[ICCResult "Black checkmated"]
[WhiteElo "1407"]
[BlackElo "1473"]
[Opening "Sicilian: Labourdonnais-Löwenthal variation"]
[ECO "B32"]
[NIC "SI.32"]
[Time "15:30:07"]
[PlyCount "85"]
[TimeControl "2400+10"]

1. e4 c5 2. Nf3 Nc6 3. d4 cxd4 4. Nxd4 e5 5. Nf3 Nf6 6. Nc3 Bb4 7. Bg5 h6 8.
Bd2 d6 9. h3 Bxc3 10. Bxc3 Nxe4 11. Bc4 Nxc3 12. bxc3 O-O 13. O-O Qf6 14.
Bd5 Re8 15. Rb1 Re7 16. Nd2 Rc7 17. Ne4 Qg6 18. Ng3 Ne7 19. Be4 f5 20. Bf3
e4 21. Bh5 Qe6 22. Ne2 Nd5 23. Nd4 Qd7 24. Qd2 Nxc3 25. Rb3 Na4 26. Bg6 Qe7
27. Nxf5 Bxf5 28. Bxf5 Rc5 29. Bg4 h5 30. Be2 Rac8 31. Qb4 Nb6 32. Re1 Rxc2
33. Bxh5 Qf6 34. Qxe4 Qxf2+ 35. Kh1 Qf6 36. Rf3 Qg5 37. Bg4 d5 38. Qe6+ Kh8
39. Rf5 Qd2 40. Rh5+ Qh6 41. Rxh6+ gxh6 42. Qxh6+ Kg8 43. Be6#
{Black checkmated}
1-0

[Event "ICC tourney 2927 (40 10)"]
[Site "Internet Chess Club"]
[Date "2022.06.04"]
[Round "4"]
[White "ANGELCHIK, JACOB:t105mm"]
[Black "Agahian, Ryan:AgahianR"]
[Result "1-0"]
[ICCResult "Black checkmated"]
[WhiteElo "1279"]
[BlackElo "1137"]
[Opening "Queen's pawn, Mason variation"]
[ECO "D00"]
[NIC "QP.08"]
[Time "17:45:10"]
[PlyCount "95"]
[TimeControl "2400+10"]

1. d4 d5 2. Bf4 h5 3. Nf3 Nf6 4. e3 Nc6 5. c4 Bf5 6. Nc3 e6 7. Qb3 Nb4 8.
Rc1 Rb8 9. a3 Nc6 10. cxd5 exd5 11. Bb5 Be7 12. Qa4 Bd7 13. Ne5 Nxe5 14.
dxe5 Bxb5 15. Nxb5 c6 16. exf6 cxb5 17. Qxb5+ Kf8 18. fxe7+ Kxe7 19. Bxb8
Qxb8 20. Qxd5 Rd8 21. Qc5+ Ke8 22. Qc7 Qa8 23. O-O b6 24. Rfd1 Rxd1+ 25.
Rxd1 h4 26. Qd7+ Kf8 27. Qd8+ Qxd8 28. Rxd8+ Ke7 29. Ra8 a5 30. Rb8 h3 31.
gxh3 b5 32. Rxb5 a4 33. Ra5 f5 34. Rxa4 g5 35. Rc4 f4 36. exf4 g4 37. hxg4
Kd6 38. g5 Ke6 39. a4 Kd6 40. a5 Ke6 41. a6 Kf5 42. a7 Kg4 43. a8=Q Kh4 44.
Qh8+ Kg4 45. f5+ Kf3 46. Qc3+ Ke2 47. Re4+ Kd1 48. Re1# {Black checkmated}
1-0

[Event "ICC tourney 2927 (40 10)"]
[Site "Internet Chess Club"]
[Date "2022.06.04"]
[Round "4"]
[White "MADSEN, STUART:gmstuartscott"]
[Black "BHARDWAJ, ARYAMAN:K03-17148228"]
[Result "0-1"]
[ICCResult "White resigns"]
[WhiteElo "718"]
[BlackElo "484"]
[Opening "QGD: Chigorin defense, Janowski variation"]
[ECO "D20"]
[NIC "QG.03"]
[Time "17:45:14"]
[PlyCount "76"]
[TimeControl "2400+10"]

1. d4 d5 2. c4 dxc4 3. Nc3 Nc6 4. Nf3 Bf5 5. Bf4 Qd7 6. e3 O-O-O 7. Bxc4 Qe8
8. a3 Nf6 9. O-O e6 10. Bb5 a6 11. Bxa6 bxa6 12. Qa4 Bd6 13. Qxa6+ Kb8 14.
Nb5 Bxf4 15. exf4 Rd5 16. a4 Qc8 17. Qxc6 Qb7 18. Qc3 Nh5 19. Rac1 Nxf4 20.
Kh1 Ne2 21. Qa5 Nxc1 22. Rxc1 Rc8 23. Ne5 c6 24. Rxc6 Rxc6 25. Nxc6+ Qxc6
26. Qa7+ Kc8 27. h3 Qb7 28. Qa5 Bd3 29. Qc3+ Kb8 30. Qxd3 Qa6 31. Qc2 e5 32.
Qc7+ Ka8 33. Qc6+ Qxc6 34. Nc3 exd4 35. Nxd5 Qxd5 36. Kg1 d3 37. Kf1 d2 38.
Ke2 d1=Q+ {White resigns} 0-1

[Event "ICC tourney 2927 (40 10)"]
[Site "Internet Chess Club"]
[Date "2022.06.04"]
[Round "4"]
[White "ZADAVYSVICHKO, MAKSYM:Nani123"]
[Black "KANTEM, SAMANVI:samanvikantem"]
[Result "1-0"]
[ICCResult "Black resigns"]
[WhiteElo "1223"]
[BlackElo "1020"]
[Opening "Giuoco Piano"]
[ECO "C54"]
[NIC "IG.02"]
[Time "17:45:12"]
[PlyCount "73"]
[TimeControl "2400+10"]

1. e4 e5 2. Nf3 Nc6 3. Bc4 Bc5 4. c3 Nf6 5. d4 exd4 6. e5 Ng8 7. cxd4 Bb4+
8. Nc3 Nge7 9. Ng5 O-O 10. Qh5 h6 11. Nxf7 Rxf7 12. Qxf7+ Kh8 13. Be3 Bxc3+
14. bxc3 Qg8 15. Qxg8+ Nxg8 16. Bxg8 Kxg8 17. d5 Nxe5 18. O-O d6 19. Rac1
Bf5 20. c4 Bd3 21. Rfd1 Bxc4 22. f4 Be2 23. Rd2 Nd3 24. Rxc7 Re8 25. Rxe2
Nxf4 26. Bxf4 Rxe2 27. Rxb7 Rxa2 28. Bxd6 a5 29. h3 a4 30. Ra7 Kh7 31. Be5
a3 32. Rxg7+ Kh8 33. Ra7+ Kg8 34. Bd6 Ra1+ 35. Kh2 a2 36. Be5 Re1 37. Bb2
{Black resigns}
1-0

[Event "ICC tourney 2927 (40 10)"]
[Site "Internet Chess Club"]
[Date "2022.06.04"]
[Round "4"]
[White "ANGEL, BORYS:BArkadia"]
[Black "ANAND VISWANATHAN:EmergingStar"]
[Result "1/2-1/2"]
[ICCResult "Game drawn because neither player has mating material"]
[WhiteElo "1407"]
[BlackElo "1023"]
[Opening "Philidor: exchange variation"]
[ECO "C41"]
[NIC "KP.08"]
[Time "17:45:29"]
[PlyCount "165"]
[TimeControl "2400+10"]

1. e4 e5 2. Nf3 d6 3. d4 exd4 4. Nxd4 Nf6 5. Nc3 Be7 6. Bc4 O-O 7. h3 c5 8.
Nf5 Bxf5 9. exf5 Qd7 10. Qf3 Nc6 11. Bd2 Nd4 12. Qd1 Qxf5 13. Bd3 Qe5+ 14.
Be3 Nf5 15. Bxf5 Qxf5 16. O-O d5 17. Ne2 Qe5 18. c3 Bd6 19. Bf4 Qe6 20. Re1
Bxf4 21. Nxf4 Qf5 22. Ne2 Ne4 23. f3 Nf6 24. Qb3 b6 25. Rad1 Rfd8 26. a4 c4
27. Qb5 Qd7 28. Nd4 Qxb5 29. axb5 a6 30. Nc6 Rd6 31. Ne7+ Kf8 32. bxa6 Rxa6
33. Nf5 Re6 34. Nd4 Rxe1+ 35. Rxe1 g6 36. Kf2 Ra2 37. Re2 Nd7 38. Kg3 Nc5
39. Kf4 Nd3+ 40. Kg5 Rxb2 41. Rxb2 Nxb2 42. Nb5 Nd1 43. Kf4 Ke7 44. Ke5 f6+
45. Kxd5 Ne3+ 46. Kc6 Nxg2 47. Kxb6 Nf4 48. Kc5 Nxh3 49. Kxc4 Nf4 50. Kd4 h5
51. Ke3 g5 52. Nd4 Nd5+ 53. Kd3 h4 54. Ne2 Nf4+ 55. Nxf4 gxf4 56. Ke2 Ke6
57. Kf2 Kd5 58. Kg2 Kc4 59. Kh3 Kd3 60. Kxh4 Ke3 61. c4 Kxf3 62. c5 Ke2 63.
c6 f3 64. c7 f2 65. c8=Q f1=Q 66. Qa6+ Ke1 67. Qa1+ Ke2 68. Qb2+ Ke3 69.
Qb6+ Ke4 70. Qe6+ Kd4 71. Qb6+ Ke5 72. Qc5+ Ke4 73. Qe7+ Kf5 74. Qh7+ Kf4
75. Qc7+ Kf5 76. Qh7+ Kf4 77. Qc7+ Kf3 78. Qc3+ Kg2 79. Qh3+ Kg1 80. Qxf1+
Kxf1 81. Kg4 Kg2 82. Kf5 Kf3 83. Kxf6
{Game drawn because neither player has mating material}
1/2-1/2

[Event "ICC tourney 2927 (40 10)"]
[Site "Internet Chess Club"]
[Date "2022.06.04"]
[Round "4"]
[White "LIU, BRYAN:coolcoolsugar"]
[Black "Zhao, Kevin:grrrrrrrr"]
[Result "1-0"]
[ICCResult "Black checkmated"]
[WhiteElo "1284"]
[BlackElo "1182"]
[Opening "Ruy Lopez: Steinitz defense deferred (Russian defense)"]
[ECO "C79"]
[NIC "RL.10"]
[Time "17:45:24"]
[PlyCount "97"]
[TimeControl "2400+10"]

1. e4 e5 2. Nf3 Nc6 3. Bb5 a6 4. Ba4 d6 5. O-O Nf6 6. d3 Bg4 7. h3 Bh5 8.
Nbd2 Be7 9. Re1 O-O 10. Nf1 Nd4 11. g4 Nxg4 12. Nxd4 exd4 13. hxg4 Bg6 14.
Bf4 Bh4 15. Qf3 Qf6 16. Ng3 Bg5 17. Ne2 b5 18. Bb3 Rae8 19. Qg3 Bh4 20. Qh3
h6 21. Bg3 Bxg3 22. Qxg3 a5 23. c3 dxc3 24. Nxc3 b4 25. Nd5 Qxb2 26. Nxc7
Rd8 27. Nd5 Rfe8 28. Rac1 Qe5 29. Qxe5 dxe5 30. Kg2 Kh7 31. Kg3 f6 32. f4
exf4+ 33. Kxf4 Re6 34. Nxb4 axb4 35. Bxe6 Rxd3 36. Bf5 Bxf5 37. exf5 Rd2 38.
Rb1 Rxa2 39. Rxb4 Rf2+ 40. Kg3 Ra2 41. Re8 Ra3+ 42. Kh4 g5+ 43. fxg6+ Kxg6
44. Ree4 Rf3 45. Rf4 Rc3 46. Rb6 Rc1 47. Rbxf6+ Kg7 48. Rf7+ Kg6 49. R4f6#
{Black checkmated}
1-0

[Event "ICC tourney 2927 (40 10)"]
[Site "Internet Chess Club"]
[Date "2022.06.04"]
[Round "4"]
[White "HESS, KARL ALAN:Khess33"]
[Black "ZHOU, ALEXANDER ZHENG:Lailaiking"]
[Result "1-0"]
[ICCResult "Black checkmated"]
[WhiteElo "1364"]
[BlackElo "1105"]
[Opening "French defense"]
[ECO "C00"]
[NIC "FR.01"]
[Time "17:46:05"]
[PlyCount "115"]
[TimeControl "2400+10"]

1. e4 e6 2. Nf3 d6 3. d4 Nf6 4. Nc3 Bd7 5. Bc4 c6 6. O-O d5 7. exd5 cxd5 8.
Bd3 Nc6 9. Ne2 Bd6 10. b3 O-O 11. c4 Qb8 12. h3 Kh8 13. Be3 Rg8 14. Qd2 Nb4
15. c5 Nxd3 16. cxd6 Bb5 17. a4 Ba6 18. Ne5 Nxe5 19. dxe5 Ne4 20. Qe1 Bxe2
21. Qxe2 f6 22. f3 Ng3 23. Qb2 Nxf1 24. Rxf1 f5 25. Bg5 h6 26. Be7 Qe8 27.
Rc1 Rc8 28. Rxc8 Qxc8 29. Kh2 Qc6 30. Qd4 b6 31. a5 Qc5 32. Qxc5 bxc5 33. d7
c4 34. bxc4 dxc4 35. d8=Q Rxd8 36. Bxd8 c3 37. Be7 c2 38. Ba3 c1=Q 39. Bxc1
Kg8 40. a6 Kf7 41. Be3 Ke8 42. Bxa7 Kd7 43. Bc5 Kc6 44. Bd6 Kb5 45. a7 Kb6
46. a8=Q Kb5 47. Qc8 f4 48. g3 fxg3+ 49. Kxg3 g5 50. f4 gxf4+ 51. Kxf4 h5
52. Qxe6 h4 53. Qd7+ Ka6 54. e6 Kb6 55. e7 Ka6 56. Qc6+ Ka7 57. Bc5+ Kb8 58.
e8=Q# {Black checkmated} 1-0

[Event "ICC tourney 2927 (40 10)"]
[Site "Internet Chess Club"]
[Date "2022.06.04"]
[Round "4"]
[White "ADUSUMALLI, ANIRUDH SAI:Anichess2009"]
[Black "Wang, Chase:chensix"]
[Result "0-1"]
[ICCResult "White resigns"]
[WhiteElo "1070"]
[BlackElo "577"]
[Opening "Ruy Lopez: exchange variation"]
[ECO "C68"]
[NIC "RL.08"]
[Time "17:46:05"]
[PlyCount "111"]
[TimeControl "2400+10"]

1. e4 e5 2. Nf3 Nc6 3. Bb5 a6 4. Bxc6 dxc6 5. Nxe5 Qd4 6. Nf3 Qxe4+ 7. Qe2
Qxe2+ 8. Kxe2 Nf6 9. Re1 Bc5 10. Kf1+ Be6 11. Ng5 Kd7 12. Nxe6 fxe6 13. Nc3
Ng4 14. d4 Bd6 15. h3 Nf6 16. Ne4 Nxe4 17. Rxe4 Rhf8 18. g3 Bxg3 19. f4 Rf5
20. Kg2 Bh4 21. Kf3 Kd6 22. Kg4 Bf6 23. c3 h5+ 24. Kg3 Kd5 25. b3 Kxe4 26.
Bd2 Kd3 27. Be1 Ke3 28. Bf2+ Ke4 29. Re1+ Kd5 30. c4+ Kd6 31. c5+ Kd5 32. h4
Bxd4 33. Bxd4 Kxd4 34. Rxe6 Rxf4 35. Kxf4 Kxc5 36. Kg5 Rh8 37. Re7 Kb4 38.
Re2 Rh6 39. Rg2 c5 40. Kf5 Ka3 41. Ke5 b5 42. Kd5 c4 43. bxc4 bxc4 44. Kxc4
a5 45. Kb5 a4 46. Kc4 Rb6 47. Kc3 g6 48. Kd3 Rb2 49. Rxg6 Kxa2 50. Ra6 Kb3
51. Ke4 a3 52. Kf5 a2 53. Kg5 Rb1 54. Kxh5 a1=Q 55. Rxa1 Rxa1 56. Kg6
{White resigns}
0-1

[Event "ICC tourney 2927 (40 10)"]
[Site "Internet Chess Club"]
[Date "2022.06.04"]
[Round "4"]
[White "WADHWA, ANANYA:Dollmuseum"]
[Black "LODH, ANJALI:ChessHawk8"]
[Result "1-0"]
[ICCResult "Black resigns"]
[WhiteElo "1289"]
[BlackElo "1473"]
[Opening "QGD: Marshall defense"]
[ECO "D06"]
[NIC "QP.08"]
[Time "17:45:12"]
[PlyCount "97"]
[TimeControl "2400+10"]

1. d4 d5 2. c4 Nf6 3. cxd5 Nxd5 4. e4 Nb6 5. Nc3 e6 6. Nf3 c5 7. Bb5+ Bd7 8.
O-O cxd4 9. Qxd4 Nc6 10. Bxc6 Bxc6 11. Be3 Qxd4 12. Nxd4 Nc4 13. Bg5 Nxb2
14. Rab1 Nc4 15. Nxc6 bxc6 16. Rfd1 f6 17. Bh4 Be7 18. Rb7 Nd6 19. Rc7 c5
20. e5 Nf5 21. Bg3 Nxg3 22. hxg3 fxe5 23. Rdd7 Bf6 24. Ne4 O-O 25. Nxf6+
Rxf6 26. Rxg7+ Kf8 27. Rxh7 Kg8 28. Rcg7+ Kf8 29. Rg4 Re8 30. Rgg7 a5 31.
Rc7 Kg8 32. Rh5 Ref8 33. Rhh7 R6f7 34. Rhxf7 Rxf7 35. Rxc5 Rd7 36. Rxa5 Rd1+
37. Kh2 Rd2 38. f3 Rd5 39. Rxd5 exd5 40. Kg1 d4 41. Kf2 Kf7 42. Ke2 Ke6 43.
a4 Kd5 44. a5 Kc6 45. g4 Kb5 46. g5 Kxa5 47. g6 Kb4 48. g7 Kc4 49. g8=Q+
{Black resigns}
1-0

[Event "ICC tourney 2927 (40 10)"]
[Site "Internet Chess Club"]
[Date "2022.06.04"]
[Round "4"]
[White "Kore, Anvika Mattam:K03-30142328"]
[Black "QIAO, RICHARDSON JINGSI:Richardsonqiao"]
[Result "0-1"]
[ICCResult "White checkmated"]
[WhiteElo "888"]
[BlackElo "1257"]
[Opening "Sicilian: Smith-Morra gambit"]
[ECO "B21"]
[NIC "SI.48"]
[Time "17:45:12"]
[PlyCount "120"]
[TimeControl "2400+10"]

1. e4 c5 2. d4 cxd4 3. c3 dxc3 4. Nxc3 Nc6 5. Nf3 d6 6. Bc4 e6 7. Be3 Be7 8.
O-O Nf6 9. h3 O-O 10. Re1 Bd7 11. a3 a6 12. Qd2 b5 13. Bd3 Rc8 14. b4 e5 15.
Red1 Be6 16. Rab1 Qd7 17. Bc2 Rfd8 18. Nd5 Bxd5 19. exd5 Na7 20. Bb6 Re8 21.
Nh4 Qb7 22. Be3 Rc7 23. Nf3 Rec8 24. Rdc1 Qxd5 25. Qxd5 Nxd5 26. Bd2 Rxc2
27. Rxc2 Rxc2 28. Be3 Nxe3 29. fxe3 Rc3 30. Re1 f5 31. Nd2 Rxa3 32. Kh2 Kf7
33. g3 Nc6 34. Rb1 Rxe3 35. Nf1 Re2+ 36. Kg1 d5 37. Rd1 Nxb4 38. Rc1 d4 39.
Rd1 a5 40. Ra1 a4 41. Nh2 d3 42. Rd1 d2 43. Nf1 Nd3 44. Nxd2 Re1+ 45. Rxe1
Nxe1 46. Kf2 Bb4 47. Kxe1 Bxd2+ 48. Kxd2 a3 49. Kc2 e4 50. Kb1 e3 51. Kc1 a2
52. Kb2 e2 53. Kxa2 e1=Q 54. Kb2 b4 55. Kc2 Qc3+ 56. Kd1 b3 57. Ke2 b2 58.
Kd1 b1=Q+ 59. Ke2 Qbb2+ 60. Kd1 Qcc1# {White checkmated} 0-1

[Event "ICC tourney 2927 (40 10)"]
[Site "Internet Chess Club"]
[Date "2022.06.04"]
[Round "5"]
[White "LODH, ANJALI:ChessHawk8"]
[Black "BHARDWAJ, ARYAMAN:K03-17148228"]
[Result "1-0"]
[ICCResult "Black resigns"]
[WhiteElo "1473"]
[BlackElo "484"]
[Opening "Scotch: Göring gambit"]
[ECO "C44"]
[NIC "SO.06"]
[Time "20:00:24"]
[PlyCount "27"]
[TimeControl "2400+10"]

1. e4 e5 2. Nf3 Nc6 3. d4 exd4 4. c3 dxc3 5. Nxc3 Nf6 6. Bc4 Bc5 7. Bg5 O-O
8. e5 Re8 9. Bxf6 gxf6 10. O-O fxe5 11. Qd5 d6 12. Qxf7+ Kh8 13. Ng5 Re7 14.
Qf6+ {Black resigns} 1-0

[Event "ICC tourney 2927 (40 10)"]
[Site "Internet Chess Club"]
[Date "2022.06.04"]
[Round "5"]
[White "ANGELCHIK, JACOB:t105mm"]
[Black "LIU, BRYAN:coolcoolsugar"]
[Result "1-0"]
[ICCResult "Black checkmated"]
[WhiteElo "1279"]
[BlackElo "1284"]
[Opening "Queen's bishop game"]
[ECO "D00"]
[NIC "QP.08"]
[Time "20:00:20"]
[PlyCount "83"]
[TimeControl "2400+10"]

1. d4 d5 2. Bf4 Nf6 3. Nf3 Bf5 4. e3 Nbd7 5. Qd2 e6 6. Bb5 c6 7. Ba4 Be7 8.
O-O O-O 9. Nc3 c5 10. Bxd7 Qxd7 11. Ne5 Qd8 12. Rad1 Rc8 13. Rfe1 Bd6 14.
Nb5 Bxe5 15. dxe5 Ne4 16. Qe2 c4 17. f3 Nc5 18. e4 Qb6 19. Nd6 Rcd8 20. exf5
exf5 21. Nxf5 Ne6+ 22. Be3 d4 23. Bf2 Qxb2 24. Qxc4 Rc8 25. Ne7+ Kh8 26.
Nxc8 b5 27. Qb3 Qxb3 28. cxb3 Rxc8 29. Bxd4 Rc2 30. Bxa7 Rxa2 31. Rd7 Kg8
32. Red1 g6 33. Be3 Kg7 34. Rb7 Ra5 35. Rdd7 Ra1+ 36. Kf2 Ra2+ 37. Kg3 Ra8
38. Rxf7+ Kg8 39. Rfe7 Nd8 40. Rg7+ Kf8 41. Bc5+ Ke8 42. Rg8# {Black
checkmated} 1-0

[Event "ICC tourney 2927 (40 10)"]
[Site "Internet Chess Club"]
[Date "2022.06.04"]
[Round "5"]
[White "WADHWA, ANANYA:Dollmuseum"]
[Black "ANGEL, BORYS:BArkadia"]
[Result "1-0"]
[ICCResult "Black resigns"]
[WhiteElo "1289"]
[BlackElo "1407"]
[Opening "Old Indian defense"]
[ECO "E68"]
[NIC "KI.63"]
[Time "20:00:22"]
[PlyCount "81"]
[TimeControl "2400+10"]

1. d4 Nf6 2. c4 d6 3. Nf3 g6 4. g3 Bg7 5. Bg2 c6 6. O-O O-O 7. Nc3 Nbd7 8.
e4 e5 9. d5 Nc5 10. Re1 Re8 11. Bg5 a5 12. Qd2 Qc7 13. Rad1 cxd5 14. Nxd5
Nxd5 15. Qxd5 Be6 16. Qxd6 Qxd6 17. Rxd6 f6 18. Bd2 Bf8 19. Rb6 Bxc4 20.
Rxf6 Be7 21. Rb6 Bd8 22. Rd6 Bc7 23. Rf6 Kg7 24. Bg5 h6 25. Nh4 hxg5 26.
Rxg6+ Kh7 27. Rxg5 Nd3 28. Rh5+ Kg7 29. Nf5+ Kf8 30. Rh8+ Bg8 31. Rd1 Rad8
32. Bf1 Nxb2 33. Rb1 Rd2 34. h4 Bd8 35. Rxb2 Rd7 36. Bc4 Rf7 37. Bxf7 Kxf7
38. Nd6+ Kf8 39. Nxe8 Kxe8 40. Rxg8+ Kd7 41. Rxb7+ {Black resigns} 1-0

[Event "ICC tourney 2927 (40 10)"]
[Site "Internet Chess Club"]
[Date "2022.06.04"]
[Round "5"]
[White "Wang, Chase:chensix"]
[Black "ZHOU, ALEXANDER ZHENG:Lailaiking"]
[Result "1-0"]
[ICCResult "Black checkmated"]
[WhiteElo "577"]
[BlackElo "1105"]
[Opening "French: Tarrasch, Eliskases variation"]
[ECO "C07"]
[NIC "FR.19"]
[Time "20:00:26"]
[PlyCount "59"]
[TimeControl "2400+10"]

1. e4 e6 2. d4 d5 3. Nd2 c5 4. exd5 Qxd5 5. Ngf3 cxd4 6. Bc4 Qd8 7. O-O Bc5
8. Nb3 Bb6 9. Nfxd4 Bxd4 10. Nxd4 Nf6 11. c3 Bd7 12. Qf3 Nc6 13. Qg3 Nxd4
14. cxd4 Rg8 15. Re1 Bc6 16. Be3 Qb8 17. Bf4 Qc8 18. Rac1 Nh5 19. Qg4 Nxf4
20. Qxf4 Bd7 21. Bxe6 fxe6 22. Rxc8+ Rxc8 23. d5 Rf8 24. Qd6 Rc2 25. f3 Rf6
26. dxe6 Bc6 27. Rd1 Rxe6 28. Qxe6+ Kf8 29. Rd8+ Be8 30. Qxe8#
{Black checkmated}
1-0